 Dungeon Crawl Stone Soup version 0.21-a0-401-g0b6bec4 (webtiles) character file.

571098 Klosterheim the Demonic Catastrophe (level 25, -7/197 HPs)
             Began as a Demonspawn Gladiator on Oct 22, 2017.
             Was an Elder of Qazlal.
             Killed from afar by a frost giant (36 damage)
             ... with a bolt of cold
             ... on level 9 of a ziggurat on Oct 23, 2017.
             The game lasted 05:18:49 (86075 turns).

Klosterheim the Demonic Catastrophe (DsGl)         Turns: 86075, Time: 05:18:59

Health: -7/197     AC: 35    Str: 37    XL:     25   Next: 64%
Magic:  0/34       EV: 29    Int: 10    God:    Qazlal [****..]
Gold:   5959       SH:  5    Dex: 28    Spells: 35/44 levels left

rFire    . . .     SeeInvis .   a - +8 great mace (drain)
rCold    . . .     Gourm    +   (shield currently unavailable)
rNeg     . . .     Faith    .   G - +7 ring mail of the Eternal Void {MR+ Str+4 Dex+2 Stlth-}
rPois    .         Spirit   +   l - +0 hat "Hasimy" {*Corrode rElec MR- Str+6}
rElec    +         Reflect  .   F - +2 cloak
rCorr    .         Harm     .   z - +2 pair of gloves
MR       ++...                  (boots unavailable)
Stlth    ..........             O - amulet of Fanaticism {Gourm MR+}
HPRegen  0.42/turn              g - ring "Kamaor" {+Blink +Fly Dex+6}
MPRegen  0.48/turn              X - +6 ring of strength

@: sanguine armour, very slightly contaminated, hasted, repel missiles, very
quick
A: hooves 3, demonic guardian 3, low mp 1, augmentation 3, magic shield, magic
regeneration, sanguine armour 3
}: 3/15 runes: barnacled, silver, gossamer
a: Upheaval, Elemental Force, Renounce Religion, Evoke Blink, Evoke Flight


You were on level 9 of a ziggurat.
You worshipped Qazlal.
Qazlal was greatly pleased with you.
You were not hungry.

You visited 7 branches of the dungeon, and saw 41 of its levels.
You visited the Abyss 1 time.
You visited 1 bazaar.
You visited 1 ziggurat, and saw 9 of its levels.
You also visited: Sewer and Ice Cave.

You collected 7310 gold pieces.
You spent 1351 gold pieces at shops.

Inventory:

Hand Weapons
 a - a +8 great mace of draining (weapon)
 b - a +2 arbalest of velocity
Missiles
 K - 1104 bolts
Armour
 c - a +1 helmet
 l - the +0 hat "Hasimy" (worn) {*Corrode rElec MR- Str+6}
   (You found it on level 11 of the Dungeon)

   It affects your strength (+6).
   It insulates you from electricity.
   It affects your resistance to hostile enchantments.
   It may corrode you when you take damage.
 v - the +0 helmet "Anips" {+Inv rN+++ rCorr Dex-5}
   (You found it on level 5 of the Vaults)

   It affects your dexterity (-5).
   It renders you almost immune to negative energy.
   It lets you turn invisible.
   It protects you from acid and corrosion.
 z - a +2 pair of gloves (worn)
 F - a +2 cloak (worn)
 G - the +7 ring mail of the Eternal Void (worn) {MR+ Str+4 Dex+2 Stlth-}
   (You found it on level 2 of the Spider Nest)

   It affects your strength (+4).
   It affects your dexterity (+2).
   It affects your resistance to hostile enchantments.
   It makes you less stealthy.
Jewellery
 g - the ring "Kamaor" (left hand) {+Blink +Fly Dex+6}
   (You found it on level 5 of the Vaults)

   [ring of flight]

   It affects your dexterity (+6).
   It lets you fly.
   It lets you blink.
 q - an uncursed ring of protection from fire
 M - a +5 ring of dexterity
 O - the amulet of Fanaticism (around neck) {Gourm MR+}
   (You found it on level 2 of the Spider Nest)

   [amulet of the gourmand]

   It allows you to eat raw meat even when not hungry.
   It affects your resistance to hostile enchantments.
 P - the ring of the Will of the Gods {rElec rPois MR- Int+3}
   (You found it on level 2 of the Spider Nest)

   [ring of poison resistance]

   It affects your intelligence (+3).
   It insulates you from electricity.
   It protects you from poison.
   It affects your resistance to hostile enchantments.
 X - a +6 ring of strength (right hand)
Wands
 r - a wand of acid (11/15)
 Q - a wand of enslavement (15/24)
Scrolls
 d - 6 scrolls of fear
 e - 8 scrolls of recharging
 k - 23 scrolls of remove curse
 m - a scroll of silence
 o - 5 scrolls of magic mapping
 p - 9 scrolls of enchant armour
 w - a scroll of brand weapon (quivered)
 C - 8 scrolls of teleportation
 D - 5 scrolls of fog
 W - 7 scrolls of identify
Potions
 h - 11 potions of invisibility
 i - 5 potions of berserk rage
 n - 11 potions of curing
 s - 5 potions of flight
 t - a potion of ambrosia
 u - 5 potions of lignification
 x - 5 potions of agility
 y - 5 potions of heal wounds
 E - 5 potions of might
 H - 2 potions of resistance
 J - 4 potions of cancellation
 R - 4 potions of haste
 V - a potion of mutation
Miscellaneous
 B - a lamp of fire
 I - a sack of spiders
 L - 2 phantom mirrors
 N - a fan of gales
 S - a lamp of fire
 U - a phial of floods
Comestibles
 f - 30 bread rations
 j - 20 meat rations
 T - 9 fruits
 Y - 9 royal jellies


   Skills:
 - Level 16.0 Fighting
 - Level 20.0 Maces & Flails
 - Level 13.0 Crossbows
 - Level 1.7 Throwing
 + Level 16.7 Armour
 + Level 16.7 Dodging
 - Level 1.0 Stealth
   Level 4.0 Shields
 - Level 10.0 Spellcasting
 - Level 3.0 Charms
 - Level 5.0 Necromancy
 - Level 23.0 Invocations
 - Level 10.0 Evocations


You had 35 spell levels left.
You knew the following spells:

 Your Spells              Type           Power        Failure   Level  Hunger
a - Regeneration          Chrm/Necr      ##........   10%         3    ##.....
b - Shroud of Golubria    Chrm/Tloc      #.........   13%         2    None
c - Song of Slaying       Chrm           ##......     7%          2    None
d - Blink                 Tloc           N/A          24%         2    None


Dungeon Overview and Level Annotations

Branches:
Dungeon (15/15)            Temple (0/1) D:6            Lair (6/6) D:9
 Shoals (4/4) Lair:3       Spider (4/4) Lair:2        Slime (0/5) Lair:6
    Orc (2/2) D:10            Elf (0/3) Orc:2        Vaults (5/5) D:13
  Crypt (0/3) Vaults:3     Depths (5/5) D:15            Zot (0/5) Depths:5

Altars:
Ashenzari
Cheibriados
Dithmenos
Elyvilon
Fedhas
Gozag
Kikubaaqudgha
Makhleb
Nemelex Xobeh
Okawaru
Qazlal
Ru
Sif Muna
Vehumet
Wu Jian
Yredelemnul
The Shining One
Beogh

Shops:
D:9 %   Orc:2 %(%%   Shoals:1 *   Vaults:2 !%[%   Vaults:3 *   Vaults:4 !

Portals:
Hell: Depths:1 Depths:2 Depths:3 Depths:4 Depths:5
Abyss: Depths:1 Depths:2 Depths:4
Pandemonium: Depths:3 Depths:4


Innate Abilities, Weirdness & Mutations

You have hooves in place of feet.
A powerful demonic guardian rushes to your aid.
Your magical and physical power is greatly enhanced at high health.
When hurt, damage is shared between your health and your magic reserves.
You regenerate magic rapidly.
When seriously injured, your bleeding wounds create very thick armour. (AC +12)
Your magical capacity is low. (-10% MP)


Message History

The frost giant is engulfed in freezing vapours.
Found four items.
The blizzard demon waves its arms in wide circles.
The air twists around and strikes you! The frost giant casts a spell at you.
The bolt of cold misses you.
The bolt of cold misses the ice devil.
The frost giant points at you and mumbles some strange words.
The bolt of cold is repelled.
Found seven items.
Found two gates leading back out of this place.
Found a stone staircase leading down.
Your lorocyproca hits the ice devil but does no damage.
The blizzard demon waves its arms in wide circles.
The air twists around and strikes you!
The frost giant gestures at you while chanting.
The bolt of cold hits you!
The frost giant gestures at you while chanting.
The bolt of cold hits the ice devil.
The ice devil completely resists.
The bolt of cold hits you!
You die...

▓..........
▓.......... ........▓
▓........# .....%%[▓
▓.......# #....?=∩▓
▓∩......# #....)[>▓
▓§.§....## ##....?"∩▓
▓§......Z###.C...$$!▓
▓§...q..............▓
▓§...k..4..Z§§@.....▓
▓▓▓▓▓▓2.2§.C4..▓▓▓▓▓▓
▓.§.ZYD.§.▓
▓....21.§.▓
▓▓▓▓▓▓▓▓▓▓▓


You could see 2 frost giants, an Ice Fiend, an ice dragon, 2 blizzard demons, 2
ice devils, an ice beast, a stone giant simulacrum, a titan simulacrum and a
spark wasp simulacrum.

Vanquished Creatures
  A pandemonium lord (Zig:3)
  A juggernaut (Depths:4)
  2 greater mummies (Zig:8)
  Sojobo (Depths:3)
  2 caustic shrikes
  Nikola (Shoals:2)
  the Enchantress (Depths:2)
  4 golden dragons
  Arachne (Spider:4)
  A hellephant (Depths:3)
  6 tentacled monstrosities
  Rupert (Lair:5)
  2 quicksilver dragons
  4 liches
  6 sphinxes
  9 titans
  2 krakens
  11 shadow dragons
  2 thorn hunters (Depths:2)
  Kirke (Lair:4)
  A tentacled starspawn (Abyss:1)
  4 storm dragons
  13 tengu reavers
  Ilsuiw (Shoals:4)
  2 draconian monks
  9 fire giants
  14 vault wardens
  3 iron dragons
  2 orc warlords
  A draconian scorcher (Abyss:1)
  12 frost giants
  4 deep elf sorcerers
  A cacodemon (Abyss:1)
  A draconian knight (Depths:5)
  Louise (Depths:1)
  A draconian shifter (Zig:6)
  5 ghost moths
  2 emperor scorpions (Spider:4)
  6 spriggan defenders
  A draconian stormcaller (Zig:6)
  A draconian annihilator (Zig:6)
  A deep elf elementalist (Vaults:5)
  The ghost of Xeas the Unseen, an adept SpEn of Dithmenos (Depths:1)
  3 caustic shrike skeletons
  32 very ugly things
  14 ironheart preservers
  18 stone giants
  3 entropy weavers
  4 deep elf annihilators
  3 deep elf demonologists
  2 vampire knights (Depths:2)
  10 dire elephants
  A white draconian (Zig:6)
  5 spark wasps
  5 merfolk javelineers
  A green death (Zig:7)
  13 ettins
  2 yaktaur captains
  5 merfolk impalers
  A minotaur (shapeshifter) (D:15)
  Josephine (D:11)
  A mummy priest (Zig:8)
  7 fire dragons
  2 deep elf death magi (Vaults:5)
  7 deep elf high priests
  15 ice dragons
  32 vault guards
  4 great orbs of eyes
  7 rakshasas
  2 spriggan air magi
  8 hydras
  An ice dragon (shapeshifter) (D:15)
  2 catoblepae
  A monstrous demonspawn (Zig:3)
  8 centaur warriors
  3 merfolk avatars
  3 death knights
  An alligator snapping turtle (Lair:3)
  9 merfolk aquamancers
  4 alligators
  2 satyrs (Shoals:2)
  12 ogre magi
  6 death yaks
  43 two-headed ogres
  8 deep troll shamans
  A hell hog (Abyss:2)
  6 tengu warriors
  6 deep troll earth magi
  An orc high priest (Zig:1)
  5 spriggan berserkers
  6 vampire magi
  2 thrashing horrors (Abyss:1)
  4 deep elf knights
  4 hell knights
  Nergalle (D:11)
  3 wretched stars (Abyss:1)
  A skeletal warrior (Vaults:2)
  2 shadow wraiths
  2 sixfirhies
  14 deep trolls
  2 iron trolls
  A spatial maelstrom (Abyss:1)
  9 sea snakes
  3 glowing orange brains
  5 flayed ghosts
  3 unseen horrors
  4 swamp dragons
  6 deep elf archers
  3 shambling mangroves
  5 lindwurms (Lair:6)
  An obsidian statue (Zig:1)
  9 deep elf magi
  11 ironbrand convokers
  3 necromancers
  4 phantasmal warriors
  7 wizards
  2 lindwurms (shapeshifter)
  9 orc knights
  A wolf spider zombie (D:14)
  29 harpies
  An orb spider (shapeshifter) (Vaults:2)
  37 ugly things
  12 fauns
  10 orc sorcerers
  19 orb spiders
  2 stone giant zombies (Vaults:3)
  21 wolf spiders
  A sphinx skeleton (Vaults:3)
  2 worldbinders
  2 moths of wrath
  A shadow dragon skeleton (Vaults:5)
  A cyclops (shapeshifter) (Vaults:5)
  2 cyclopes
  14 manticores
  3 rust devils
  4 black mambas
  6 elephants
  5 water nymphs
  5 merfolk sirens
  2 orange demons (Depths:4)
  12 vault sentinels
  3 molten gargoyles (Lair:6)
  An ice statue (IceCv)
  5 torpor snails
  3 centaur skeletons
  18 demonic crawlers
  13 spiny frogs
  A hellion (Abyss:1)
  A rime drake (shapeshifter) (Depths:5)
  A human zombie (Vaults:5)
  40 yaktaurs
  A yaktaur (shapeshifter) (D:15)
  5 freezing wraiths
  3 rime drakes
  An efreet (D:15)
  2 ice devils
  13 komodo dragons
  2 ancient zymes
  A komodo dragon (shapeshifter) (Vaults:5)
  3 guardian mummies (Zig:8)
  A tormentor (Depths:4)
  2 hellwings
  2 tengu conjurers
  A red devil (Depths:4)
  A troll (shapeshifter) (D:15)
  A merfolk (shapeshifter) (Vaults:4)
  32 jumping spiders
  14 polar bears (IceCv)
  4 trolls
  35 merfolk
  A meliai (shapeshifter) (Vaults:1)
  3 wind drakes
  25 slime creatures
  13 hornets
  12 blink frogs
  Prince Ribbit (D:7)
  A raiju (shapeshifter) (Vaults:1)
  9 hippogriffs
  A tyrant leech (Zig:7)
  7 raiju
  2 dream sheep (Lair:6)
  A slime creature (shapeshifter) (Vaults:5)
  3 bog bodies
  A meliai zombie (D:13)
  6 snapping turtles
  3 flying skulls (Abyss:1)
  17 water elementals
  49 redbacks
  3 spriggans
  2 ynoxinuls
  A shadow (D:11)
  24 tarantellas
  2 wandering mushrooms (Lair:6)
  5 starcursed masses
  11 wraiths
  A vampire (D:12)
  2 redbacks (shapeshifter)
  5 wyverns
  3 hogs (Lair:4)
  A chaos spawn (Abyss:1)
  41 yaks
  2 hogs (shapeshifter)
  6 basilisks
  A human simulacrum (Vaults:1)
  2 hungry ghosts
  A vampire mosquito (Depths:2)
  2 spatial vortices (Abyss:1)
  4 swamp worms (Depths:2)
  7 wargs
  4 large abominations (Abyss:1)
  A soldier ant (D:11)
  4 acid dragons
  11 water moccasins
  8 porcupines
  6 hell hounds
  7 small abominations
  4 ice beasts
  A black bear (shapeshifter) (Vaults:4)
  A swamp drake (Zig:4)
  2 eyes of draining
  4 sky beasts
  29 orc warriors
  An eye of draining (shapeshifter) (Depths:4)
  A hornet zombie (D:13)
  A phantom (D:8)
  18 boggarts
  5 centaurs
  4 necrophages
  27 wolves
  An ogre (shapeshifter) (Depths:4)
  30 ogres
  9 crocodiles
  Blork the orc (D:4)
  A gnoll sergeant (D:11)
  15 bullfrogs
  2 wyvern zombies
  A human skeleton (Vaults:5)
  A wyvern skeleton (D:14)
  4 scorpions
  20 killer bees
  4 wights (D:9)
  2 howler monkeys
  6 crimson imps
  A centaur zombie (D:10)
  5 lava snakes (Lair:6)
  A quasit (D:8)
  A bullfrog zombie (D:12)
  16 orc priests
  5 hounds
  4 iguanas
  3 jellies
  30 orc wizards
  6 iron imps
  A bullfrog skeleton (D:9)
  6 worker ants
  2 hound zombies
  4 mummies (Zig:8)
  A howler monkey zombie (D:9)
  Robin (D:4)
  10 gnolls
  10 adders
  2 river rats (D:9)
  4 shadow imps
  4 white imps
  2 ufetubi
  2 oozes
  An adder skeleton (D:6)
  An adder zombie (D:6)
  3 worms
  5 dart slugs
  9 leopard geckos
  85 orcs
  10 giant cockroaches
  12 goblins
  12 hobgoblins
  11 jackals
  5 quokkas
  6 ball pythons
  6 bats
  9 frilled lizards
  15 kobolds
  2 quokka skeletons
  3 rats
  A spectral orc (D:5)
  2 butterflies (Lair:1)
  4 crawling corpses (Vaults:5)
  3 plants (Sewer)
  8 tentacles
  2 withered plants (D:3)
1857 creatures vanquished.

Vanquished Creatures (collateral kills)
  A golden dragon (Vaults:5)
  A lich (Depths:5)
  Polyphemus (Shoals:4)
  A sphinx (Vaults:5)
  2 fire giants
  2 very ugly things
  A deep elf elementalist (Vaults:5)
  A stone giant (Vaults:5)
  A dire elephant (Depths:3)
  A white draconian (Zig:6)
  2 merfolk javelineers (Shoals:4)
  2 fire dragons
  An ogre mage (Vaults:2)
  2 rakshasas
  2 vault guards
  4 hydras
  A spriggan air mage (Depths:2)
  5 two-headed ogres
  2 centaur warriors
  8 death yaks
  3 deep troll earth magi
  A sea snake (Shoals:4)
  A deep elf archer (Vaults:3)
  Pikel (D:5)
  3 harpies
  A flayed ghost (Depths:4)
  2 deep trolls (Vaults:1)
  A swamp dragon (Depths:2)
  A human zombie (Vaults:5)
  An orc knight (Vaults:2)
  8 orb spiders
  2 wolf spiders
  A manticore (Shoals:4)
  A faun (Shoals:1)
  8 slime creatures
  4 ugly things
  A black mamba (Lair:5)
  A merfolk siren (Shoals:1)
  2 elephants (Lair:6)
  A vault sentinel (Vaults:4)
  2 spiny frogs
  A redback zombie (D:10)
  2 komodo dragons
  A guardian mummy (Zig:8)
  5 jumping spiders
  A troll (D:10)
  4 merfolk
  4 hornets
  3 polar bears (IceCv)
  The ghost of Drevant the Firebug, an amateur DrFE (Sewer)
  9 dream sheep (Lair:6)
  2 hippogriffs
  2 snapping turtles
  A spriggan skeleton (Zig:8)
  An ushabti (Zig:8)
  5 redbacks
  2 spriggans (Depths:2)
  A water elemental (Shoals:3)
  A wraith (D:11)
  29 yaks
  7 tarantellas
  Grum (D:10)
  2 basilisks
  Menkaure (D:4)
  2 vampire mosquitoes (Depths:2)
  2 water moccasins
  A floating eye (shapeshifter) (Vaults:5)
  A porcupine (D:9)
  A slave (D:5)
  3 orc warriors
  9 ogres
  A boggart (D:15)
  10 wolves
  3 centaurs
  3 crocodiles
  5 bullfrogs
  2 killer bees (D:10)
  A wight (D:9)
  A howler monkey (D:13)
  A hound (D:5)
  2 orc wizards (Orc:2)
  2 orc priests
  A hell rat (D:9)
  A mummy (Zig:8)
  An adder (D:11)
  A shadow imp (D:15)
  An ooze (D:5)
  10 orcs
  2 quokkas (D:9)
  A tentacle (Shoals:3)
241 creatures vanquished.

Vanquished Creatures (others)
  An ogre mage (Vaults:5)
  A two-headed ogre (Vaults:5)
  A cyclops (D:15)
  A frost giant skeleton (Zig:8)
  A snapping turtle (Shoals:2)
  A warg (Vaults:5)
  An ogre (Vaults:2)
  2 centaurs (D:14)
  A crimson imp (D:5)
  An orc wizard (Orc:2)
  A gnoll (D:5)
  An orc (Vaults:5)
  76 fungi
  69 plants
  2 starspawn tentacles (Abyss:1)
  12 tentacles
  A withered plant (Shoals:1)
173 creatures vanquished.

Grand Total: 2271 creatures vanquished

Notes
Turn   | Place    | Note
-------+----------+-------------------------------------------
     0 | D:1      | Klosterheim the Demonspawn Gladiator began the quest for the Orb.
     0 | D:1      | Reached XP level 1. HP: 16/16 MP: 1/1
    47 | D:1      | Gained mutation: A weak demonic guardian rushes to your aid. [demonic ancestry]
    47 | D:1      | Reached XP level 2. HP: 17/22 MP: 2/2
  1170 | D:1      | Gained mutation: You have large cloven feet. [demonic ancestry]
  1170 | D:1      | Reached XP level 3. HP: 28/28 MP: 3/3
  1727 | D:2      | Found a shattered altar of Ashenzari.
  2800 | D:2      | Found a sparkling altar of Nemelex Xobeh.
  2806 | D:2      | Reached XP level 4. HP: 32/34 MP: 4/4
  2884 | D:2      | Found an opulent altar of Gozag.
  3338 | D:3      | Reached skill level 1 in Shields
  3346 | D:3      | Found an ancient bone altar of Kikubaaqudgha.
  3701 | D:3      | Gained mutation: A demonic guardian rushes to your aid. [demonic ancestry]
  3701 | D:3      | Reached XP level 5. HP: 34/41 MP: 5/5
  4248 | D:4      | Found an iron altar of Okawaru.
  4328 | D:4      | Found a sacrificial altar of Ru.
  4390 | D:4      | Noticed Robin
  4396 | D:4      | Killed Robin
  4560 | D:4      | Noticed Blork the orc
  4569 | D:4      | Killed Blork the orc
  4569 | D:4      | Reached skill level 5 in Maces & Flails
  4569 | D:4      | Reached XP level 6. HP: 34/48 MP: 6/6
  4995 | D:4      | Noticed Menkaure
  5000 | D:4      | Killed Menkaure
  5596 | D:4      | Reached XP level 7. HP: 43/54 MP: 7/7
  5683 | D:4      | Found a snail-covered altar of Cheibriados.
  5853 | D:5      | Entered Level 5 of the Dungeon
  5858 | D:5      | Found an ornate altar of the Wu Jian Council.
  5888 | D:5      | Noticed Pikel
  5907 | D:5      | Killed Pikel
  5948 | D:5      | Reached skill level 5 in Fighting
  5948 | D:5      | Gained mutation: When seriously injured, your bleeding wounds create armour. (AC +12) [demonic ancestry]
  5948 | D:5      | Reached XP level 8. HP: 29/62 MP: 8/8
  6234 | D:5      | Found a basalt altar of Yredelemnul.
  6391 | D:5      | Found a glowing drain.
  6431 | Sewer    | Entered a sewer
  6456 | Sewer    | Noticed Drevant's ghost (amateur DrFE)
  6491 | Sewer    | Killed Drevant's ghost
  7924 | D:6      | Found a sacrificial altar of Ru.
  7943 | D:6      | Found a stormy altar of Qazlal.
  7981 | D:6      | Became a worshipper of Qazlal Stormbringer
  8001 | D:6      | Reached skill level 1 in Invocations
  8416 | D:6      | Found a staircase to the Ecumenical Temple.
  8433 | D:6      | Got a scorched mace
  8434 | D:6      | Identified the +6 mace "Leviticus" {crush, *Noise +Fly rF- Int+8} (You found it on level 6 of the Dungeon)
  8449 | D:6      | Found a white marble altar of Elyvilon.
  8465 | D:6      | Reached skill level 2 in Invocations
  8798 | D:7      | Reached skill level 3 in Invocations
  8809 | D:7      | Reached XP level 9. HP: 55/68 MP: 11/11
  8888 | D:7      | Noticed Prince Ribbit
  8896 | D:7      | Killed Prince Ribbit
  9275 | D:7      | Reached skill level 4 in Invocations
 10287 | D:8      | Found a radiant altar of Vehumet.
 10358 | D:8      | Reached * piety under Qazlal
 10366 | D:8      | Found a glowing golden altar of the Shining One.
 10421 | D:8      | Reached skill level 5 in Invocations
 10672 | D:8      | Found a shadowy altar of Dithmenos.
 10821 | D:8      | Noticed a two-headed ogre
 10827 | D:8      | Killed a two-headed ogre
 10827 | D:8      | Reached skill level 6 in Invocations
 11144 | D:9      | Found a burning altar of Makhleb.
 11166 | D:9      | Noticed a death yak
 11174 | D:9      | Noticed a death yak
 11180 | D:9      | Noticed a death yak
 11213 | D:9      | Reached skill level 7 in Invocations
 11259 | D:10     | Entered Level 10 of the Dungeon
 11488 | D:10     | Found a staircase to the Orcish Mines.
 11502 | D:10     | Reached XP level 10. HP: 62/79 MP: 15/15
 11543 | D:10     | Reached skill level 8 in Invocations
 11887 | D:9      | Reached ** piety under Qazlal
 11893 | D:9      | Reached skill level 10 in Maces & Flails
 11925 | D:9      | Found Zylacw's Food Emporium.
 12074 | D:9      | Killed a death yak
 12080 | D:9      | Killed a death yak
 12086 | D:9      | Killed a death yak
 12389 | D:9      | Found a staircase to the Lair.
 12535 | D:9      | Found a deep blue altar of Sif Muna.
 12743 | D:9      | Noticed a five-headed hydra
 12749 | D:9      | Killed a five-headed hydra
 13152 | D:10     | Reached XP level 11. HP: 76/89 MP: 17/17
 13486 | D:10     | Noticed a two-headed ogre
 13515 | D:10     | Killed a two-headed ogre
 13996 | D:10     | Noticed Grum
 14008 | D:10     | Killed Grum
 14434 | Lair:1   | Entered Level 1 of the Lair of Beasts
 14437 | Lair:1   | Found the +6 lightning scales {run, rElec}
 14456 | Lair:1   | Reached *** piety under Qazlal
 15824 | Lair:2   | Reached skill level 1 in Armour
 15828 | Lair:2   | Reached skill level 10 in Fighting
 15880 | Lair:2   | Found a blossoming altar of Fedhas.
 16785 | Lair:2   | Found a hole to the Spider Nest.
 17373 | Lair:3   | Reached skill level 9 in Invocations
 17386 | Lair:3   | Reached XP level 12. HP: 79/97 MP: 18/18
 17490 | Lair:3   | Noticed a death yak
 17888 | Lair:3   | Killed a death yak
 17901 | Lair:3   | Noticed a death yak
 17901 | Lair:3   | Noticed a death yak
 17901 | Lair:3   | Noticed a death yak
 17905 | Lair:3   | Noticed a death yak
 17905 | Lair:3   | Noticed a death yak
 17917 | Lair:3   | Killed a death yak
 17926 | Lair:3   | Killed a death yak
 17928 | Lair:3   | Killed a death yak
 17933 | Lair:3   | Killed a death yak
 17961 | Lair:3   | Killed a death yak
 17961 | Lair:3   | Reached skill level 5 in Armour
 18096 | Lair:3   | Found a staircase to the Shoals.
 19433 | Lair:4   | Found a frozen archway.
 19443 | IceCv    | Entered an ice cave
 19817 | IceCv    | Reached skill level 10 in Invocations
 19975 | IceCv    | Noticed a death yak
 19978 | IceCv    | Killed a death yak
 20009 | IceCv    | Reached **** piety under Qazlal
 20438 | IceCv    | Noticed a frost giant
 20453 | IceCv    | Killed a frost giant
 20453 | IceCv    | Gained mutation: When hurt, damage is shared between your health and your magic reserves. [demonic ancestry]
 20453 | IceCv    | Reached XP level 13. HP: 86/103 MP: 10/20
 20540 | IceCv    | Got a fine lead ring
 20884 | Lair:4   | Identified the ring "Huilleh" {rC+ MR- Str+5 Int+3} (You found it in an ice cave)
 20962 | Lair:4   | Reached skill level 5 in Dodging
 21748 | Lair:5   | Noticed Kirke
 21788 | Lair:4   | Killed Kirke
 21885 | Lair:5   | Reached skill level 11 in Invocations
 22316 | Lair:5   | Noticed Rupert
 22538 | Lair:5   | Killed Rupert
 22987 | Lair:6   | Entered Level 6 of the Lair of Beasts
 23013 | Lair:6   | Reached skill level 12 in Invocations
 24230 | Lair:6   | Found a staircase to the Slime Pits.
 24300 | Lair:6   | Reached skill level 10 in Armour
 25005 | Lair:6   | Gained mutation: When seriously injured, your bleeding wounds create thick armour. (AC +12) [demonic ancestry]
 25005 | Lair:6   | Reached XP level 14. HP: 104/110 MP: 23/23
 25027 | Lair:6   | Reached skill level 13 in Invocations
 25422 | Lair:6   | Reached ***** piety under Qazlal
 25443 | Lair:6   | Found a large runed door.
 25444 | Lair:6   | Found a large runed door.
 25819 | Lair:6   | Reached skill level 15 in Maces & Flails
 26762 | Orc:1    | Entered Level 1 of the Orcish Mines
 27417 | Orc:2    | Entered Level 2 of the Orcish Mines
 27618 | Orc:2    | Paralysed by an orc sorcerer for 4 turns
 28202 | Orc:2    | Noticed a stone giant
 28298 | Orc:2    | Killed a stone giant
 28440 | Orc:2    | Paralysed by an orc sorcerer for 6 turns
 28622 | Orc:2    | Found Nuim's Weapon Shop.
 28622 | Orc:2    | Found Xienar's Food Emporium.
 28833 | Orc:2    | Found a roughly hewn altar of Beogh.
 29006 | Orc:2    | Found a staircase to the Elven Halls.
 29061 | Orc:2    | Found Feuhoe's Food Shop.
 29061 | Orc:2    | Found Unocs's Food Emporium.
 29490 | D:11     | Noticed Nergalle
 29491 | D:11     | Noticed Josephine
 29494 | D:11     | Reached ****** piety under Qazlal
 29525 | D:11     | Killed Josephine
 29544 | D:11     | Killed Nergalle
 29948 | D:11     | Got a crude hat
 29959 | D:11     | Identified the +0 hat "Hasimy" {*Corrode rElec MR- Str+6} (You found it on level 11 of the Dungeon)
 31632 | D:13     | Gained mutation: You have hoof-like feet. [demonic ancestry]
 31632 | D:13     | Reached XP level 15. HP: 80/118 MP: 20/25
 31748 | D:13     | Found a gate to the Vaults.
 31883 | D:13     | You fall through a shaft for 2 floors!
 31883 | D:15     | Entered Level 15 of the Dungeon
 32024 | D:15     | Reached skill level 1 in Crossbows
 33021 | D:14     | Reached skill level 14 in Invocations
 34464 | D:15     | Reached skill level 5 in Crossbows
 34953 | D:15     | Found a staircase to the Depths.
 35260 | Spider:1 | Entered Level 1 of the Spider Nest
 35285 | Lair:2   | Killed a ghost moth
 37965 | Spider:1 | Killed a ghost moth
 39164 | Spider:2 | Reached XP level 16. HP: 119/127 MP: 23/26
 39237 | Spider:2 | Got a jet-encrusted ring mail
 39238 | Spider:2 | Identified the +7 ring mail of the Eternal Void {MR+ Str+4 Dex+2 Stlth-} (You found it on level 2 of the Spider Nest)
 39328 | Spider:2 | Found a transporter.
 39623 | Spider:2 | Found a transporter.
 39809 | Spider:2 | Got a brightly glowing lead amulet
 39823 | Spider:2 | Got a glittering tin ring
 39828 | Spider:2 | Identified the amulet of Fanaticism {Gourm MR+} (You found it on level 2 of the Spider Nest)
 39829 | Spider:2 | Identified the ring of the Will of the Gods {rElec rPois MR- Int+3} (You found it on level 2 of the Spider Nest)
 40478 | Spider:3 | Reached skill level 15 in Invocations
 41463 | Spider:4 | Entered Level 4 of the Spider Nest
 43098 | Spider:4 | Reached skill level 16 in Invocations
 43566 | Spider:4 | Noticed Arachne
 43593 | Spider:4 | Killed Arachne
 44341 | Spider:4 | Got a gossamer rune of Zot
 44520 | Spider:4 | Gained mutation: You have hooves in place of feet. [demonic ancestry]
 44520 | Spider:4 | Reached XP level 17. HP: 133/133 MP: 29/29
 44989 | Shoals:1 | Entered Level 1 of the Shoals
 44989 | Shoals:1 | Found Mucanleo's General Store.
 45257 | Shoals:1 | Reached skill level 1 in Evocations
 45274 | Shoals:1 | Bought a potion of resistance for 100 gold pieces
 45274 | Shoals:1 | Bought a scroll of blinking for 75 gold pieces
 46201 | Shoals:1 | Reached skill level 17 in Invocations
 46372 | Shoals:2 | Noticed Nikola
 46383 | Shoals:2 | Killed Nikola
 47297 | Shoals:2 | Noticed a kraken
 47313 | Shoals:2 | Killed a kraken
 48057 | Shoals:3 | Reached skill level 5 in Evocations
 48075 | Shoals:3 | Noticed a kraken
 48240 | Shoals:3 | Killed a kraken
 49535 | Shoals:4 | Entered Level 4 of the Shoals
 49545 | Shoals:4 | Noticed Polyphemus
 50199 | Shoals:4 | Killed Polyphemus
 50199 | Shoals:4 | Reached skill level 10 in Dodging
 50886 | Shoals:4 | Reached XP level 18. HP: 140/140 MP: 30/30
 51485 | Shoals:4 | Noticed Ilsuiw
 51509 | Shoals:4 | Killed Ilsuiw
 52033 | Shoals:4 | Got a barnacled rune of Zot
 52698 | Vaults:1 | Entered Level 1 of the Vaults
 53138 | Vaults:1 | Noticed a tentacled monstrosity
 53153 | Vaults:1 | Killed a tentacled monstrosity
 53799 | Vaults:1 | Noticed a Brimstone Fiend
 53800 | Vaults:1 | Noticed an Ice Fiend
 55009 | Vaults:2 | Gained mutation: Your magical capacity is low. (-10% MP) [a neqoxec]
 55061 | Vaults:2 | Found Gafraal's Food Emporium.
 55289 | Vaults:2 | Found a flickering gateway to a bazaar.
 55326 | Vaults:2 | Found Oliteceg's Distillery.
 55351 | Bazaar   | Entered a bazaar
 55365 | Bazaar   | Found Kaolaxtu's Magic Scroll Emporium.
 55365 | Bazaar   | Found Tiocwimi's Gadget Shoppe.
 55388 | Bazaar   | Found Nutipokk's Antique Armour Emporium.
 55388 | Bazaar   | Found Beaq's Assorted Antiques.
 55414 | Bazaar   | Found Juxtuqal's Distillery.
 55441 | Bazaar   | Found Tepir's General Store.
 55504 | Bazaar   | Bought a wand of acid (8/15) for 312 gold pieces
 55504 | Bazaar   | Bought a +3 arbalest of freezing for 326 gold pieces
 55562 | Bazaar   | Bought a potion of might for 112 gold pieces
 55582 | Bazaar   | Bought a scroll of fear for 49 gold pieces
 55582 | Bazaar   | Bought a scroll of summoning for 133 gold pieces
 55582 | Bazaar   | Bought a scroll of teleportation for 42 gold pieces
 55582 | Bazaar   | Bought a scroll of fear for 49 gold pieces
 55931 | Vaults:2 | Gained mutation: You regenerate magic rapidly. [demonic ancestry]
 55931 | Vaults:2 | Reached XP level 19. HP: 142/148 MP: 26/28
 56209 | Vaults:2 | Found Xubudech's Armour Emporium.
 56219 | Vaults:2 | Found Rinweylle's Food Emporium.
 57747 | Vaults:3 | Got a scorched whip
 57748 | Vaults:3 | Identified the +4 whip "Qiboer Nang" {slash, MP+9 Int+2} (You found it on level 3 of the Vaults)
 58854 | Vaults:3 | Reached skill level 18 in Invocations
 59157 | Vaults:3 | Found a staircase to the Crypt.
 59279 | Vaults:3 | Found Bofiah's General Store.
 59286 | Vaults:3 | Bought a scroll of remove curse for 33 gold pieces
 59286 | Vaults:3 | Bought a scroll of enchant weapon for 82 gold pieces
 59286 | Vaults:3 | Bought a scroll of fear for 38 gold pieces
 59553 | Vaults:4 | Gained mutation: Your magical and physical power is slightly enhanced at high health. [demonic ancestry]
 59553 | Vaults:4 | Reached XP level 20. HP: 100/160 MP: 30/30
 60189 | Vaults:4 | Reached skill level 19 in Invocations
 60444 | Vaults:4 | Found Cishronk's Distillery.
 60460 | Vaults:4 | Learned a level 3 spell: Regeneration
 60464 | Vaults:4 | Learned a level 2 spell: Shroud of Golubria
 60886 | Vaults:4 | Reached skill level 15 in Fighting
 61927 | Vaults:5 | Entered Level 5 of the Vaults
 61928 | Vaults:5 | Reached skill level 1 in Spellcasting
 61928 | Vaults:5 | Reached skill level 1 in Necromancy
 61928 | Vaults:5 | Reached skill level 1 in Charms
 62273 | Vaults:5 | Reached skill level 5 in Spellcasting
 62522 | Vaults:4 | Learned a level 2 spell: Song of Slaying
 62784 | Depths:1 | Entered Level 1 of the Depths
 62804 | Depths:1 | Reached skill level 20 in Invocations
 62965 | Depths:1 | Found an iron altar of Okawaru.
 63073 | Depths:1 | Found a gateway to Hell.
 63101 | Depths:1 | Reached skill level 5 in Necromancy
 63266 | Depths:1 | Noticed Louise
 63277 | Depths:1 | Killed Louise
 63311 | Depths:1 | Found a one-way gate to the infinite horrors of the Abyss.
 63683 | Depths:1 | Noticed Xeas's ghost (adept SpEn)
 63689 | Depths:1 | Killed Xeas's ghost
 64097 | Depths:2 | Gained mutation: When seriously injured, your bleeding wounds create very thick armour. (AC +12) [demonic ancestry]
 64097 | Depths:2 | Reached XP level 21. HP: 159/168 MP: 27/31
 64993 | Depths:2 | Reached skill level 21 in Invocations
 65392 | Depths:2 | Noticed the Enchantress
 65406 | Depths:2 | Killed the Enchantress
 65446 | Depths:2 | Got faerie dragon scales
 65447 | Depths:2 | Identified the +1 faerie dragon scales {rC+ rCorr Dex+3} (You took it off the Enchantress on level 2 of the Depths)
 65787 | Depths:2 | Paralysed by something for 2 turns
 66329 | Vaults:5 | Reached skill level 10 in Crossbows
 67975 | Depths:3 | Noticed Sojobo
 67982 | Depths:3 | Killed Sojobo
 69638 | Depths:3 | Found a gateway to a ziggurat.
 69639 | Depths:3 | Found a one-way gate leading to the halls of Pandemonium.
 70109 | Depths:4 | Reached XP level 22. HP: 175/175 MP: 32/32
 70118 | Depths:4 | Reached skill level 10 in Evocations
 70523 | Depths:4 | Noticed a juggernaut
 70529 | Depths:4 | Killed a juggernaut
 72041 | Depths:4 | Got a twitching brass ring
 72219 | Depths:5 | Entered Level 5 of the Depths
 74476 | Depths:5 | Noticed a caustic shrike
 74497 | Depths:4 | Killed a caustic shrike
 75008 | Depths:5 | Reached skill level 10 in Spellcasting
 75125 | Depths:5 | Noticed a golden dragon
 75132 | Depths:5 | Killed a golden dragon
 75210 | Depths:5 | Noticed a caustic shrike
 75213 | Depths:5 | Reached skill level 22 in Invocations
 75234 | Depths:5 | Killed a caustic shrike
 75753 | Depths:5 | Gained mutation: Your magical and physical power is enhanced at high health. [demonic ancestry]
 75753 | Depths:5 | Reached XP level 23. HP: 140/184 MP: 32/34
 76238 | Depths:5 | Found a gate to the Realm of Zot.
 76246 | Depths:5 | Reached skill level 23 in Invocations
 76749 | Depths:5 | Got a warped chain mail
 76750 | Depths:5 | Identified the cursed +0 chain mail "Nuoqo" {Str+2} (You took it off a rakshasa on level 5 of the Depths)
 76752 | Depths:5 | Identified the cursed ring "Nethrufro" {rPois rC- AC-3 Int+3 Slay+3} (You took it off a yaktaur on level 4 of the Depths)
 77270 | Depths:5 | Got a faintly humming ring mail
 77271 | Depths:5 | Identified the +3 ring mail of Gestures {rElec rPois Str-2 Int+4} (You found it on level 5 of the Depths)
 78617 | Depths:4 | Voluntarily entered the Abyss.
 78952 | Abyss:1  | Paralysed by accursed screaming for 1 turns
 79394 | Depths:4 | Escaped the Abyss
 81131 | D:3      | Learned a level 2 spell: Blink
 81546 | Vaults:4 | Reached skill level 15 in Armour
 81546 | Vaults:4 | Reached skill level 15 in Dodging
 81875 | Vaults:5 | Gained mutation: Your magical and physical power is greatly enhanced at high health. [demonic ancestry]
 81875 | Vaults:5 | Reached XP level 24. HP: 172/191 MP: 29/34
 82441 | Vaults:5 | Reached skill level 1 in Stealth
 83296 | Vaults:5 | Got a shimmering steel ring
 83443 | Vaults:5 | Got a silver rune of Zot
 83611 | Vaults:5 | Identified the ring "Uqinaif" {*Tele rC+ MR+ Int+3 Slay+3} (You took it off a tengu reaver on level 5 of the Vaults)
 83613 | Vaults:5 | Got a heavily runed helmet
 83614 | Vaults:5 | Identified the cursed +0 helmet "Anips" {+Inv rN+++ rCorr Dex-5} (You found it on level 5 of the Vaults)
 83657 | Vaults:5 | Identified the Compendium of Shifting Earth
 83757 | Vaults:5 | Found the +3 robe of Clouds {+Fly rElec}
 83761 | Vaults:5 | Got a pair of distressingly furry gloves
 83787 | Vaults:5 | Identified the +2 pair of gloves "Petsyil" {+Fly rF- MR+} (You found it on level 5 of the Vaults)
 83850 | Vaults:5 | Identified Xazaid's Grimoire of Intoxication
 83855 | Vaults:5 | Got a sparkling marble ring
 83857 | Vaults:5 | Identified the ring "Kamaor" {+Blink +Fly Dex+6} (You found it on level 5 of the Vaults)
 84564 | Zig:1    | Entered Level 1 of a ziggurat
 84586 | Zig:2    | Entered Level 2 of a ziggurat
 84811 | Zig:3    | Entered Level 3 of a ziggurat
 84812 | Zig:3    | Noticed Ifit the pandemonium lord
 84816 | Zig:3    | Killed Ifit the pandemonium lord
 84834 | Zig:3    | Gained mutation: A powerful demonic guardian rushes to your aid. [demonic ancestry]
 84834 | Zig:3    | Reached XP level 25. HP: 189/197 MP: 25/34
 84855 | Zig:4    | Entered Level 4 of a ziggurat
 84906 | Zig:5    | Entered Level 5 of a ziggurat
 85164 | Zig:6    | Entered Level 6 of a ziggurat
 85406 | Zig:7    | Entered Level 7 of a ziggurat
 85469 | Zig:7    | Got a scintillating ivory ring
 85474 | Zig:7    | Identified the ring of Tiajoe {+Fly rPois MR- Str+4} (You found it on level 7 of a ziggurat)
 85515 | Zig:8    | Entered Level 8 of a ziggurat
 85531 | Zig:8    | Noticed a greater mummy
 85540 | Zig:8    | Killed a greater mummy
 85541 | Zig:8    | Noticed a greater mummy
 85557 | Zig:8    | Killed a greater mummy
 85942 | Zig:9    | Entered Level 9 of a ziggurat
 86073 | Zig:9    | Found the +0 Maxwell's etheric cage {RegenMP+ *Contam rElec MP+4}
 86075 | Zig:9    | Killed from afar by a frost giant

Vault maps used:
D:1:      dpeg_arrival_renting
D:2:      nemelex_xobeh_ov_fountains_minmay, evilmike_ruin_ashenzari,
          lemuel_crystal_altar
D:3:      kiku_gazebo_garden_becter
D:4:      kennysheep_slug_shrine, lemuel_crystal_altar, serial_curves,
          eino_curves_01, eino_curves_01, eino_curves_04,
          nicolae_ru_awakened_eye, uniq_menkaure, uniq_robin, uniq_blork_the_orc
D:5:      yredelemnul_forgotten_temple_becter, old_standard_altar, first_bread,
          gup_sewer_entry_pipe, uniq_pikel
D:6:      kennysheep_little_box, overflow_temple_1_default, elyvilon_altar_1,
          minmay_temple_entry_butterflies, nrook_mini_backslash
D:7:      uniq_prince_ribbit1
D:8:      lemuel_crystal_altar, grunt_dithmenos_smoke, basic_altar
D:9:      led_sif_pool, nicolae_overflow_crystal_walls, dpeg_lair_monsters,
          serial_shops, shop
D:10:     orc_0_dummy, uniq_grum
D:11:     uniq_josephine, uniq_nergalle
D:13:     lightli_vaults_fourway_checkpoint, lab_entry_generic
D:14:     minmay_misc_feat_square
D:15:     gammafunk_enter_depths_forms, minivault_4, glass_columns_a
Lair:1:   lemuel_fruit_fields, lemuel_fruit_fields
Lair:2:   spider_nest_entry_web_field, basic_altar, serial_bayou_crossing,
          serial_bayou_shore_b
Lair:3:   shoals_dummy_entry, nicolae_lair_grove_arrangements
Lair:4:   portal_ice_cave_entry_pillars_2
Lair:5:   uniq_kirke, uniq_rupert
Lair:6:   cheibrodos_lair_end_hotspot, minmay_slime_entry_oklob_open,
          st_stairs_6, minmay_lindwurm_lava
Shoals:1: serial_shops, nicolae_shop_temple_entry_statues_fountains,
          argonaut_gorgonesque
Shoals:2: uniq_nikola
Shoals:4: shoals_end_simple, shoal_ilsuiw, uniq_ilsuiw, uniq_polyphemus
Spider:2: gammafunk_its_a_trap
Spider:4: johnstein_spider_rune_arachne_lair
Orc:2:    st_orc_town
Vaults:1: v_misc_33, hangedman_vaults_capsules, ontoclasm_vaults_misaligned,
          vaults_room_grid, vaults_room_pool, nicolae_vaults_hallways_thing,
          nicolae_vaults_network_quinsquares, vaults_mumra_lcd,
          vaults_room_pool, vaults_room_hangedman_quadrants, v_misc_18,
          hangedman_vaults_pinch, vaults_room_pool
Vaults:2: nicolae_vaults_little_squares_3, nicolae_vaults_angled_halls,
          hangedman_vaults_cutoff, ontoclasm_vaults_loading_screen, v_misc_22,
          hangedman_vaults_slither, nicolae_vaults_little_ls,
          nicolae_vaults_theta, vaults_dpeg_ring, serial_shops, bzr_in_the_mist,
          shop_statue, nicolae_shop_statue_plus, nicolae_shop_crystal, shop
Vaults:3: v_alt_pattern_2, grunt_vaults_twisty, grunt_vaults_diagonal,
          minmay_crypt_entry_simple_sparse, nicolae_vaults_network_barrier,
          vaults_room_grunt_arrival_ludios, hangedman_vaults_slice, v_misc_22,
          v_misc_22, dpeg_vaults_monster_box, vaults_room_fancy_cross, st_cells,
          ontoclasm_vaults_twist, serial_shops, shop
Vaults:4: hangedman_vaults_river_flow, nicolae_vaults_little_squares_1,
          hangedman_vaults_impose, vaults_room_grid,
          nicolae_vaults_sealed_display, vaults_room_guarded_vault,
          nicolae_vaults_mini_display_case, vaults_room_pools, serial_shops,
          shop
Depths:1: okawaru_ov_weapons_minmay, hangedman_coc_ice_floe,
          nicolae_abyss_entry_one_way_or_another, serial_co_window_serial,
          co_window_corner_a, co_window_paths_a, co_window_paths_a,
          co_window_paths_a, co_window_corner_a, co_window_corner_a,
          co_window_paths_b, co_window_paths_a, co_window_paths_a,
          co_window_cross_4, kennysheep_generic_room_14
Depths:2: onia_ninara_swampy_vault, abyss_entry, hell_entry,
          infiniplex_staircase_diamond, uniq_enchantress
Depths:3: mu_elephants_graveyard, enter_ziggurat_b, minmay_crystal_room,
          pan_entry, hell_entry, nicolae_benzene_ring, grunt_decor_mini_mirrors,
          infiniplex_staircase_pool_2, uniq_sojobo
Depths:4: minmay_isolated_rectangles_in_corner, grunt_pan_entry_zigzag,
          minmay_misc_feat_more_columns, hell_entry, abyss_entry,
          minmay_staircase_statues
Depths:5: hangedman_pleasuredromes, hell_entry
Abyss:2:  bh_abyss_negative
Zig:8:    ziggurat_pillar_centre_dead_trees
Bazaar:   bazaar_long_row
Sewer:    sewer_co_scattered_pipes
IceCv:    ice_cave_caverns_03

Skill      XL: |  1  2  3  4  5  6  7  8  9 10 11 12 13 14 15 16 17 18 19 20 21 22 23 24 |
---------------+-------------------------------------------------------------------------+-----
Maces & Flails | 3 4 5 6 8 9 11 13 14 16 17 18 19 20 | 20.0
Fighting       | 3 4 5 6 7 9 10 11 12 14 15 16 | 16.0
Shields        | 1 2 3 4 |  4.0
Invocations    | 3 7 8 9 10 12 13 14 16 17 18 20 21 22 23 | 23.0
Armour         | 3 7 10 11 12 13 15 16 | 16.7
Dodging        | 4 5 7 10 11 12 13 15 16 | 16.7
Crossbows      | 8 12 13 | 13.0
Evocations     | 6 7 9 10 | 10.0
Spellcasting   | 5 10 | 10.0
Necromancy     | 5 |  5.0
Charms         | 3 |  3.0
Stealth        | 1 |  1.0
Throwing       | |  1.7

Action                   |  1- 3 |  4- 6 |  7- 9 | 10-12 | 13-15 | 16-18 | 19-21 | 22-24 | 25-27 || total
-------------------------+-------+-------+-------+-------+-------+-------+-------+-------+-------++-------
Melee: Flail             |   134 |   128 |   440 |   706 |   207 |       |       |       |       ||  1615
       Kick              |    16 |    39 |   146 |   310 |   497 |   479 |   547 |   499 |    51 ||  2584
       Great mace        |       |       |       |       |   943 |  1067 |  1015 |   878 |    96 ||  3999
 Fire: Arbalest          |       |       |       |       |    14 |    28 |    13 |     2 |       ||    57
 Cast: Song of Slaying   |       |       |       |       |       |       |     3 |    12 |       ||    15
       Regeneration      |       |       |       |       |       |       |     2 |    33 |       ||    35
       Shroud of Golubri |       |       |       |       |       |       |     1 |    12 |       ||    13
Invok: Upheaval          |       |       |       |     6 |     8 |    23 |     5 |    25 |     2 ||    69
       Elemental Force   |       |       |       |     2 |     1 |     1 |     3 |       |       ||     7
       Disaster Area     |       |       |       |       |       |     5 |     7 |     4 |       ||    16
 Abil: Evoke Flight      |       |       |       |       |     1 |       |       |     1 |       ||     2
       Evoke Blink       |       |       |       |       |       |       |       |       |     1 ||     1
Evoke: Wand              |       |       |     2 |       |     8 |       |     1 |       |       ||    11
       Lamp of fire      |       |       |       |     1 |     1 |       |     1 |     1 |       ||     4
       Phantom mirror    |       |       |       |       |       |       |       |     1 |       ||     1
       Sack of spiders   |       |       |       |       |       |       |       |     1 |       ||     1
  Use: Scroll            |       |    14 |    10 |     6 |    15 |    17 |     3 |    27 |     3 ||    95
       Potion            |       |       |     1 |     1 |    12 |     3 |     2 |     9 |     2 ||    30
 Stab: Sleeping          |     1 |       |       |       |       |       |       |       |       ||     1
       Distracted        |       |       |     1 |     7 |     2 |     2 |    12 |     5 |       ||    29
       Held in net/web   |       |       |       |       |       |     1 |       |       |       ||     1
  Eat: Chunk             |     6 |     8 |    17 |    25 |    45 |    52 |    44 |    42 |       ||   239
       Fruit             |       |       |     4 |     6 |     1 |       |     1 |       |       ||    12
       Royal jelly       |       |       |       |       |     6 |     1 |       |     2 |       ||     9
       Meat ration       |       |       |       |       |       |     2 |       |       |       ||     2
Armor: Leather armour    |    26 |       |       |       |       |       |       |       |       ||    26
       Chain mail        |     9 |    69 |   210 |   302 |     3 |       |       |       |       ||   593
       Plate armour      |       |       |       |       |   674 |       |       |       |       ||   674
       Ring mail         |       |       |       |       |       |   499 |   283 |   418 |    36 ||  1236
Dodge: Dodged            |    87 |    34 |   120 |   200 |   421 |   889 |   692 |   832 |   124 ||  3399
       Deflected         |       |       |       |     1 |    27 |    85 |    51 |    25 |     1 ||   190
Block: Buckler           |     1 |    33 |   116 |   292 |   109 |       |       |       |       ||   551
       Other             |       |       |       |       |   536 |   527 |   308 |   273 |    29 ||  1673
       Reflection        |       |       |       |       |    28 |       |       |       |       ||    28

Table legend:
 A = Spawn XP
 B = Non-spawn XP
 C = Spawn XP percentage of total XP
 D = Spawn monster count
 E = Non-spawn monster count
 F = Spawn count percentage of total count
 G = Total turns spent on level
                    A         B        C        D         E        F      G
               +---------+---------+-------+---------+---------+-------+---------
         Total |   17137 | 1075446 |   1.6 |      38 |    2045 |   1.8 | 86075
               +---------+---------+-------+---------+---------+-------+---------
           D:1 |       0 |      57 |   0.0 |       0 |      28 |   0.0 |  2117
           D:2 |       0 |      78 |   0.0 |       0 |      20 |   0.0 |  1155
           D:3 |       0 |      66 |   0.0 |       0 |      19 |   0.0 |   876
           D:4 |       0 |     603 |   0.0 |       0 |      23 |   0.0 |  1904
           D:5 |       0 |     986 |   0.0 |       0 |      30 |   0.0 |   855
           D:6 |       0 |     639 |   0.0 |       0 |      18 |   0.0 |  1117
           D:7 |       0 |     668 |   0.0 |       0 |      12 |   0.0 |  1354
           D:8 |       0 |    1504 |   0.0 |       0 |      20 |   0.0 |   998
           D:9 |       0 |    4255 |   0.0 |       0 |      45 |   0.0 |  1611
          D:10 |       0 |    4391 |   0.0 |       0 |      45 |   0.0 |  1816
          D:11 |       0 |    6494 |   0.0 |       0 |      35 |   0.0 |  1117
          D:12 |       0 |    5131 |   0.0 |       0 |      23 |   0.0 |  1441
          D:13 |       0 |   13430 |   0.0 |       0 |      45 |   0.0 |   754
          D:14 |       0 |    8485 |   0.0 |       0 |      26 |   0.0 |  1288
          D:15 |       0 |   15656 |   0.0 |       0 |      46 |   0.0 |  2476
        Lair:1 |       0 |    2860 |   0.0 |       0 |      17 |   0.0 |  1443
        Lair:2 |       0 |    7650 |   0.0 |       0 |      33 |   0.0 |  3053
        Lair:3 |       0 |    8969 |   0.0 |       0 |      26 |   0.0 |  2066
        Lair:4 |       0 |    7930 |   0.0 |       0 |      31 |   0.0 |  1240
        Lair:5 |       0 |    6023 |   0.0 |       0 |      15 |   0.0 |  1367
        Lair:6 |       0 |   21922 |   0.0 |       0 |      86 |   0.0 |  3389
      Shoals:1 |       0 |   18363 |   0.0 |       0 |      42 |   0.0 |  1539
      Shoals:2 |       0 |   18122 |   0.0 |       0 |      30 |   0.0 |  1400
      Shoals:3 |       0 |   23646 |   0.0 |       0 |      44 |   0.0 |  3036
      Shoals:4 |       0 |   37458 |   0.0 |       0 |      60 |   0.0 |  1094
      Spider:1 |       0 |   14015 |   0.0 |       0 |      43 |   0.0 |  2561
      Spider:2 |       0 |   12065 |   0.0 |       0 |      36 |   0.0 |  1391
      Spider:3 |       0 |    4758 |   0.0 |       0 |      16 |   0.0 |  1783
      Spider:4 |       0 |   49444 |   0.0 |       0 |     113 |   0.0 |  2769
         Orc:1 |       0 |    2078 |   0.0 |       0 |      20 |   0.0 |   858
         Orc:2 |       0 |    7525 |   0.0 |       0 |      77 |   0.0 |  1684
      Vaults:1 |       0 |   26341 |   0.0 |       0 |      46 |   0.0 |  2942
      Vaults:2 |       0 |   42873 |   0.0 |       0 |      77 |   0.0 |  2078
      Vaults:3 |       0 |   75059 |   0.0 |       0 |     105 |   0.0 |  2332
      Vaults:4 |       0 |   96748 |   0.0 |       0 |      88 |   0.0 |  5931
      Vaults:5 |       0 |  137762 |   0.0 |       0 |     119 |   0.0 |  1705
      Depths:1 |       0 |   17813 |   0.0 |       0 |      25 |   0.0 |  1784
      Depths:2 |       0 |   75361 |   0.0 |       0 |      89 |   0.0 |  3294
      Depths:3 |       0 |   48975 |   0.0 |       0 |      51 |   0.0 |  2244
      Depths:4 |       0 |   91174 |   0.0 |       0 |      91 |   0.0 |  5313
      Depths:5 |       0 |   77666 |   0.0 |       0 |      69 |   0.0 |  1789
       Abyss:1 |   11688 |    9047 |  56.4 |      29 |      18 |  61.7 |   612
       Abyss:2 |    5449 |    3740 |  59.3 |       9 |       9 |  50.0 |   165
         Zig:1 |       0 |    1715 |   0.0 |       0 |       5 |   0.0 |    22
         Zig:2 |       0 |    2016 |   0.0 |       0 |       3 |   0.0 |   225
         Zig:3 |       0 |    9849 |   0.0 |       0 |       3 |   0.0 |    44
         Zig:4 |       0 |    6009 |   0.0 |       0 |       6 |   0.0 |    51
         Zig:5 |       0 |    5344 |   0.0 |       0 |       7 |   0.0 |   258
         Zig:6 |       0 |    8402 |   0.0 |       0 |       6 |   0.0 |   242
         Zig:7 |       0 |    6064 |   0.0 |       0 |      12 |   0.0 |   109
         Zig:8 |       0 |   16570 |   0.0 |       0 |      16 |   0.0 |   427
         Zig:9 |       0 |     351 |   0.0 |       0 |       1 |   0.0 |   133
         Sewer |       0 |     185 |   0.0 |       0 |      24 |   0.0 |  1087
         IceCv |       0 |   11111 |   0.0 |       0 |      51 |   0.0 |  1424
               +---------+---------+-------+---------+---------+-------+---------
